Map: Eternal Empire LE

Players

Denver

  • Race: Zerg Zerg
  • League: Master
  • Spawn Location: 1:00

Special - Winner!

  • Race: Terran Terran
  • League: Master
  • Spawn Location: 7:00

VOD

Have the link to the VOD?

Description

Time

  • Played on: Jan. 14, 2020, 3:27 p.m.
  • Length: 12:05
Show
View Real Time Build Order
Export as new Build Order

Denver Zerg 

Build Orders: Hatch First, Swarm Host 

Get SALT Encoding   

  12  0:03  Drone  
  13  0:12  Overlord  
  13  0:17  Drone  
  14  0:30  Drone x2  
  16  0:50  Hatchery  
  16  0:52  Drone  
  16  0:56  Drone  
  17  1:00  Drone  
  18  1:10  Extractor  
  17  1:15  Spawning Pool  
  16  1:18  Drone  
  16  1:22  Drone  
  18  1:29  Drone  
  19  1:41  Drone  
  20  1:53  Drone  
  21  2:02  Zergling x4, Queen x2  
  27  2:11  Metabolic Boost  
  27  2:13  Overlord  
  27  2:15  Drone  
  28  2:33  Hatchery  
  28  2:35  Drone  
  28  2:38  Drone  
  28  2:41  Drone  
  30  2:44  Drone  
  30  2:49  Overlord  
  31  2:52  Drone  
  32  3:00  Pneumatized Carapace  
  32  3:02  Drone  
  33  3:06  Queen  
  33  3:12  Drone  
  36  3:13  Drone x2  
  36  3:17  Zergling x2  
  36  3:18  Zergling x2  
  36  3:19  Drone  
  41  3:24  Overlord  
  41  3:26  Drone  
  42  3:29  Drone  
  43  3:35  Drone  
  43  3:40  Overlord  
  44  3:41  Queen  
  46  3:51  Drone x5  
  46  3:54  Queen  
  52  3:57  Zergling x2  
  52  3:58  Zergling x2  
  54  4:05  Drone  
  54  4:06  Roach Warren  
  54  4:10  Zergling x4  
  54  4:12  Drone  
  57  4:20  Queen  
  57  4:22  Drone  
  59  4:33  Drone  
  59  4:34  Drone x6  
  62  4:41  Overlord  
  62  4:43  Drone  
  59  4:46  Drone  
  59  4:48  Lair  
  59  4:51  Evolution Chamber x2  
  56  4:54  Overlord  
  56  4:56  Drone x4  
  60  5:01  Extractor  
  60  5:03  Extractor, Drone x3  
  60  5:04  Drone  
  60  5:06  Drone x2  
  64  5:08  Drone  
  64  5:11  Drone  
  66  5:17  Zerg Ground Armor Level 1  
  66  5:18  Drone x3  
  66  5:19  Extractor  
  68  5:24  Drone  
  69  5:30  Zerg Missile Weapons Level 1  
  69  5:32  Drone  
  68  5:37  Drone x9  
  77  5:42  Drone  
  77  5:43  Drone x2  
  76  5:51  Drone  
  76  5:55  Drone x5  
  76  5:56  Glial Reconstitution  
  79  6:02  Drone x3  
  79  6:04  Extractor  
  80  6:09  Overlord x2  
  76  6:14  Roach x3  
  82  6:25  Overlord  
  82  6:27  Overlord x2  
  82  6:29  Hatchery  
  82  6:30  Roach  
  82  6:32  Roach  
  85  6:37  Overlord  
  85  6:38  Drone  
  86  6:41  Roach x2  
  86  6:45  Overlord  
  86  6:46  Overlord  
  90  6:48  Roach x3  
  96  6:54  Roach  
  96  6:55  Roach x3  
  96  6:57  Overlord  
  104  7:01  Roach  
  104  7:02  Roach  
  104  7:06  Roach x3  
  114  7:09  Overseer  
  114  7:12  Overlord  
  114  7:16  Roach x2  
  114  7:17  Roach  
  114  7:20  Zerg Ground Armor Level 2  
  120  7:25  Roach  
  120  7:26  Roach x2  
  126  7:31  Roach x4  
  126  7:34  Drone x2  
  136  7:39  Zerg Missile Weapons Level 2  
  136  7:40  Infestation Pit  
  136  7:43  Drone x2  
  137  7:47  Extractor  
  137  7:48  Drone x3  
  139  7:55  Unknown  
  138  7:59  Overlord x2  
  136  8:09  Overlord  
  136  8:16  Roach x7  
  136  8:19  Swarm Host x7  
  150  8:23  Overlord  
  171  8:28  Roach  
  171  8:29  Roach x3  
  171  8:35  Roach x4  
  161  8:43  Roach x2  
  161  8:44  Roach x2  
  161  8:45  Ravager  
  161  8:46  Ravager  
  162  8:52  Roach x5  
  169  8:59  Roach x4  
  177  9:03  Roach x3  
  181  9:12  Roach  
  181  9:13  Roach x4  
  181  9:17  Roach x2  
  177  9:22  Roach x3  
  163  9:28  Roach  
  163  9:29  Roach x3  
  167  9:33  Infestor  
  167  9:38  Roach x4  
  169  9:43  Roach  
  169  9:44  Roach x2  
  175  9:48  Ravager  
  175  9:51  Roach x4  
  183  9:53  Overlord  
  183  10:00  Ravager  
  178  10:07  Roach x4  
  178  10:10  Overlord  
  186  10:14  Ravager x2  
  186  10:18  Roach x3  
  186  10:19  Overlord  
  184  10:23  Roach x4  
  166  10:29  Roach x4  
  166  10:34  Roach  
  166  10:35  Roach x2  
  180  10:41  Roach x4  
  157  10:44  Roach  
  157  10:47  Ravager  
  160  10:52  Roach x4  
  168  11:00  Roach  
  168  11:01  Roach x4  
  144  11:08  Roach x3  
  144  11:09  Roach  
  140  11:15  Roach x3  
  131  11:24  Roach x2  
  131  11:25  Roach x3  
  133  11:32  Ravager  
  133  11:33  Ravager  
  133  11:35  Roach x2  
Show
View Real Time Build Order
Export as new Build Order

Special Terran - Winner!

Build Orders: Gas First Reaper Expand 

Get SALT Encoding   

  12  0:01  SCV  
  13  0:13  SCV  
  14  0:18  Supply Depot  
  14  0:25  SCV  
  15  0:29  Refinery  
  15  0:39  SCV  
  16  0:45  Barracks  
  16  0:52  SCV  
  17  1:04  SCV  
  18  1:16  SCV  
  19  1:33  Reaper, Orbital Command  
  20  1:43  Command Center  
  20  1:53  Factory  
  20  1:59  SCV  
  21  2:07  Barracks Reactor  
  21  2:11  SCV  
  22  2:15  Supply Depot  
  22  2:18  Refinery  
  22  2:23  SCV  
  23  2:37  SCV  
  23  2:43  Starport  
  24  2:48  Hellion x2  
  24  2:49  SCV  
  29  2:52  Marine  
  29  2:57  Orbital Command  
  30  3:01  SCV  
  31  3:11  Widow Mine x2  
  35  3:13  SCV  
  35  3:15  Supply Depot  
  35  3:17  Marine  
  37  3:22  Medivac  
  37  3:26  SCV  
  37  3:27  SCV  
  41  3:33  Hellion  
  43  3:36  Hellion  
  43  3:38  Barracks Tech Lab  
  45  3:41  SCV x2  
  47  3:50  Supply Depot  
  47  3:53  SCV  
  47  3:54  SCV  
  49  4:04  Hellion x2  
  49  4:06  SCV  
  54  4:11  Raven  
  54  4:12  SCV  
  54  4:14  Barracks Tech Lab  
  57  4:18  SCV  
  57  4:21  Command Center  
  59  4:24  SCV  
  55  4:31  SCV  
  55  4:34  Marine  
  55  4:36  SCV  
  58  4:41  Stimpack  
  58  4:43  SCV  
  54  4:48  SCV  
  54  4:50  Factory Reactor  
  54  4:52  Marine  
  51  4:56  SCV, Barracks  
  51  4:57  Barracks  
  53  5:00  SCV  
  53  5:04  Starport Reactor  
  53  5:07  Engineering Bay  
  54  5:08  SCV, Engineering Bay  
  54  5:10  Marine  
  54  5:12  SCV  
  57  5:20  SCV, Refinery  
  57  5:21  Refinery  
  58  5:24  SCV  
  58  5:28  Marine  
  60  5:32  SCV  
  61  5:36  SCV  
  61  5:41  Orbital Command  
  62  5:44  Terran Infantry Weapons Level 1, Terran Infantry Armor Level 1  
  62  5:46  Marine  
  62  5:49  SCV  
  64  5:52  Marine x2  
  64  5:53  Siege Tank  
  67  5:58  Medivac  
  67  6:01  SCV, Barracks  
  67  6:02  Barracks  
  67  6:03  Marine  
  69  6:08  Marine  
  69  6:09  Marine x2  
  69  6:10  Marine  
  73  6:13  Supply Depot  
  73  6:17  Medivac  
  75  6:18  Supply Depot  
  75  6:19  SCV x2  
  77  6:26  Combat Shield, Supply Depot  
  77  6:33  Orbital Command  
  77  6:34  Marine x5, SCV  
  77  6:38  SCV  
  84  6:40  Siege Tank  
  84  6:47  SCV  
  88  6:48  Supply Depot  
  88  6:50  SCV, Barracks Reactor  
  88  6:51  Barracks Reactor  
  88  6:52  Marine x3, Barracks  
  92  6:55  Barracks x2  
  92  6:59  SCV  
  92  7:00  Medivac x2  
  97  7:02  SCV  
  97  7:04  SCV, Armory  
  99  7:09  Marine x2  
  99  7:10  Marine x2  
  99  7:11  SCV  
  99  7:14  SCV, Supply Depot  
  105  7:16  SCV  
  105  7:18  Marine  
  107  7:23  SCV  
  107  7:26  SCV  
  107  7:27  Marine  
  109  7:35  Marine x3  
  109  7:36  SCV x2, Siege Tank  
  117  7:37  Supply Depot  
  117  7:38  Supply Depot  
  117  7:42  Barracks Reactor x3  
  117  7:54  Marine  
  117  7:56  Terran Infantry Weapons Level 2, Terran Infantry Armor Level 2  
  117  7:58  Marine x8  
  117  7:59  SCV  
  117  8:01  Supply Depot  
  117  8:02  Supply Depot  
  126  8:10  Siege Tank  
  126  8:12  Marine  
  130  8:16  Marine x3  
  133  8:22  Marine x5  
  133  8:25  Supply Depot  
  138  8:27  Marine x3  
  138  8:28  Supply Depot  
  138  8:29  Marine  
  138  8:30  Marine x3  
  138  8:34  Marine x3  
  142  8:40  Marine x5  
  143  8:42  Siege Tank  
  143  8:45  Marine x3  
  143  8:47  Marine x2  
  143  8:48  Marine x2  
  150  8:49  Medivac x2  
  150  8:52  Marine x3  
  157  8:58  Marine x5  
  157  8:59  Supply Depot  
  162  9:02  Marine  
  162  9:05  Marine x2  
  162  9:09  Marine x3  
  165  9:10  Marine x2  
  165  9:11  Marine  
  165  9:12  Marine  
  165  9:14  Siege Tank  
  165  9:16  Marine x5  
  160  9:20  Marine  
  160  9:23  Marine x2  
  149  9:27  Marine x4  
  149  9:28  Marine  
  149  9:29  Marine x2  
  154  9:33  Marine x4  
  154  9:39  Medivac x2  
  154  9:42  Marine  
  154  9:43  Marine x3  
  154  9:44  Marine x2  
  154  9:45  Marine x2  
  164  9:46  Marine, Siege Tank  
  164  9:47  Marine x2  
  164  9:51  Marine x3  
  173  9:56  Marine  
  172  10:02  Supply Depot  
  172  10:06  Marine  
  172  10:07  Marine  
  156  10:16  Marine x2  
  156  10:18  Siege Tank  
  156  10:19  Marine  
  157  10:21  Marine  
  157  10:22  Marine x2  
  157  10:26  Marine x3  
  157  10:27  Marine x2, Medivac x2  
  162  10:31  Marine  
  162  10:32  Marine  
  160  10:37  Marine x2  
  160  10:39  Marine  
  141  10:44  Marine, Orbital Command  
  141  10:45  Marine x4  
  141  10:48  Marine x5  
  141  10:49  Marine  
  152  10:51  Marine, Siege Tank  
  152  10:54  Marine  
  126  11:22  Marine x7, Supply Depot  
  126  11:23  Marine x4, Siege Tank  
  139  11:28  Marine  
  136  11:36  Supply Depot  
  134  11:44  Marine  
Tags
 
Add a new tag
Caveats
  • Supply blocks, unpowered buildings, or Contaminate may cause inaccurate times.
  • Supply counts are checked every 10 seconds.